cohdb
Replays
Latest Replays
All Replays
Popular Replays
Top Player Replays
Match Explorer
How It Works
Community
CoH3 Stats
Reddit
Sign in to upload your games and track your stats! →
Sign in with Steam
Match 43464687
Unlisted
Match 43464687
Overview
Messages
Build Orders
End
Kradschützen Motorcycle Team
Selects Panzerjäger Kommand Battlegroup
Selects Mine Fields
Panzergrenadier Squad
250 Light Carrier
Panzerpioneer Squad
Panzergrenadier Squad
Construct Light Support Kompanie
Construct Light Support Kompanie
Fire Support Elements
Flakvierling Half-track
Selects Defensive Positions
Panzerjäger Mechanized Group
Selects Tank Busters
Veteran Squad Leaders
Panzergrenadier Squad
Dominik
beniu
Ares
klenman755
0
0
Comments
sign in to comment!
No comments posted yet!